 Dungeon Crawl Stone Soup version 0.26-a0-651-gb41185065b (webtiles) character file.

Game seed: 8116341041716011520

253 sking99 the Poker (level 5, 0/41 HPs)
             Began as a Demonspawn Monk on Oct 17, 2020.
             Was an Elder of Ru.
             Slain by an orc warrior
             ... wielding a +0 war axe
              (17 damage)
             ... on level 6 of the Dungeon.
             The game lasted 00:11:16 (5756 turns).

sking99 the Poker (Demonspawn Monk)                 Turns: 5756, Time: 00:11:17

Health: 0/41       AC:  9    Str: 13    XL:     5   Next: 90%
Magic:  0/5        EV:  4    Int: 12    God:    Ru [****..]
Gold:   271        SH:  9    Dex: 15    Spells: 4/4 levels left

rFire    . . .     SeeInvis .   a - +1 spear
rCold    + + .     Faith    .   i - +1 kite shield
rNeg     . . .     Spirit   +   g - +0 chain mail
rPois    .         Reflect  .   (helmet restricted)
rElec    .         Harm     .   q - +0 cloak
rCorr    .         Rampage  .   (no gloves)
MR       .....                  (no boots)
Stlth    ..........             (no amulet)
HPRegen  0.13/turn              o - ring of protection from cold
MPRegen  0.09/turn              m - ring of protection from cold

@: no status effects
A: horns 1, demonic guardian 1, magic shield, magic vulnerability 1,
inexperienced 1
a: Draw Out Power, Power Leap, Renounce Religion


You were on level 6 of the Dungeon.
You worshipped Ru.
Ru was greatly pleased with you.
You visited 1 branch of the dungeon, and saw 6 of its levels.

You collected 271 gold pieces.

Inventory:

Hand Weapons
 a - a +1 spear (weapon)
Armour
 e - a +0 plate armour
 g - a +0 chain mail (worn)
 i - a +1 kite shield (worn)
 q - a +0 cloak (worn)
Jewellery
 m - a ring of protection from cold (right hand)
 n - an uncursed ring of wizardry
 o - a ring of protection from cold (left hand)
Scrolls
 c - 3 scrolls of teleportation
 f - a scroll of enchant armour
 h - a scroll of fear
 k - a scroll of remove curse
 u - a scroll of identify
Potions
 b - 3 potions of lignification
 d - 2 potions of cancellation {unknown}
 j - a potion of haste
 l - a potion of flight
 p - 2 potions of berserk rage {unknown}
 r - a potion of mutation {unknown}
 s - a potion of resistance {unknown}
 t - a potion of curing {unknown}
 v - a potion of brilliance {unknown}
 w - a potion of might


   Skills:
 - Level 3.4 Fighting
 * Level 6.1 Polearms
 - Level 2.6 Dodging
 + Level 4.1 Stealth
 + Level 3.1 Shields


You had 4 spell levels left.
You didn't know any spells.
Your spell library contained the following spells:

 Spells                   Type           Power        Failure   Level
 Animate Skeleton         Necr           #.....       100%        1
 Apportation              Tloc           #.....       100%        1
 Corona                   Hex            #......      100%        1
 Summon Small Mammal      Summ           #...         100%        1


Dungeon Overview and Level Annotations

Branches:
Dungeon (6/15)             Temple (0/1) D:4

Altars:
Ru

Shops:
D:5 *}*[


Innate Abilities, Weirdness & Mutations

You have a pair of small horns on your head.
A weak demonic guardian rushes to your aid.
When hurt, damage is shared between your health and your magic reserves.
You are slightly vulnerable to magic. (MR-)
You are somewhat inexperienced. (-2 XL)


Message History

Your quasit closely misses the orc warrior.
Your quasit claws the orc warrior.
You redirect the orc warrior's attack!
The orc warrior hits the orc with a +0 war axe!!
The orc dies!
The orc warrior hits your quasit with a +0 war axe!
Your quasit dies!
The orc warrior hits you with a +0 war axe!
The orc warrior shouts!
You hit the orc warrior.
The orc warrior is heavily wounded.
You hear a shout!
The orc warrior barely misses you.
You hear a shout!
You hit the orc warrior but do no damage.
The orc warrior is heavily wounded.
You hit the orc warrior.
The orc warrior is severely wounded.
The orc warrior hits you with a +0 war axe!!
You die...

#. #. # #.
.###
#.###.#.
#.#.. .
#.#.#.#
#.#.#.#
#.@...#
###o###
#)# #†#
#.# #.#
####.#####
#........#
#.#.#<#..#


h You could see an orc warrior (strong).

Vanquished Creatures
  An ice beast (D:5)
  An ogre (D:4)
  A scorpion (D:5)
  An orc priest (D:3)
  A bullfrog skeleton (D:5)
  A hound (D:4)
  An iguana (D:5)
  2 orc wizards
  2 worker ants (D:4)
  Robin (D:2)
  4 adders (D:2)
  An ufetubus (D:5)
  An adder skeleton (D:4)
  A worm (D:2)
  2 dart slugs
  A leopard gecko (D:1)
  6 orcs
  2 ball pythons
  8 bats
  A bat zombie (D:1)
  3 giant cockroaches
  12 goblins
  8 hobgoblins
  8 jackals
  2 quokkas
  A ball python zombie (D:1)
  8 frilled lizards
  9 kobolds
  7 rats
97 creatures vanquished.

Vanquished Creatures (collateral kills)
  A phantom (D:4)
  An ogre (D:4)
  2 orc wizards
  An ufetubus (D:5)
  A worm (D:3)
  An orc (D:4)
7 creatures vanquished.

Vanquished Creatures (others)
  A sky beast (D:5)
  An orc (D:6)
2 creatures vanquished.

Grand Total: 106 creatures vanquished

Notes
Turn   | Place    | Note
-------+----------+-------------------------------------------
     0 | D:1      | sking99 the Demonspawn Monk began the quest for the Orb.
     0 | D:1      | Reached XP level 1. HP: 18/18 MP: 1/1
   106 | D:1      | Reached skill level 3 in Polearms
   411 | D:1      | Gained mutation: When hurt, damage is shared between your
                  | health and your magic reserves. [demonic ancestry]
   411 | D:1      | Reached XP level 2. HP: 24/24 MP: 2/2
  1407 | D:2      | Gained mutation: You have a pair of small horns on your
                  | head. [demonic ancestry]
  1407 | D:2      | Reached XP level 3. HP: 29/29 MP: 3/3
  1584 | D:2      | Found a sacrificial altar of Ru.
  1613 | D:2      | Gained mutation: A weak demonic guardian rushes to your
                  | aid. [demonic ancestry]
  1613 | D:2      | Reached XP level 4. HP: 21/35 MP: 2/4
  1618 | D:2      | Reached skill level 4 in Polearms
  1979 | D:2      | Noticed Robin
  2004 | D:1      | Reached skill level 1 in Shields
  2306 | D:2      | Killed Robin
  2465 | D:2      | Reached XP level 5. HP: 31/41 MP: 3/5
  2722 | D:2      | Became a worshipper of Ru the Awakened
  2729 | D:2      | Gained mutation: You are slightly vulnerable to magic.
                  | (MR-) [Ru sacrifice]
  2729 | D:2      | Reached * piety under Ru
  2866 | D:3      | HP: 2/41 [something/puff of flame (6)]
  3692 | D:4      | Noticed an ogre
  3717 | D:4      | Killed an ogre
  3717 | D:4      | Reached skill level 5 in Polearms
  3717 | D:4      | Reached XP level 6. HP: 47/47 MP: 6/6
  3843 | D:4      | Found a staircase to the Ecumenical Temple.
  4636 | D:5      | Entered Level 5 of the Dungeon
  4820 | D:5      | Reached XP level 7. HP: 44/52 MP: 5/7
  4883 | D:5      | Found Zeycsu's Gadget Emporium.
  5067 | D:5      | Found Voemig's Assorted Antiques.
  5312 | D:5      | Found Ifon's General Store.
  5403 | D:5      | Found Cesoebb's Antique Armour Emporium.
  5483 | D:5      | Gained mutation: You are somewhat inexperienced. (-2 XL)
                  | [Ru sacrifice]
  5483 | D:5      | Reached XP level 6. HP: 47/47 MP: 6/6
  5483 | D:5      | Reached XP level 5. HP: 41/41 MP: 5/5
  5483 | D:5      | Reached ** piety under Ru
  5483 | D:5      | Reached *** piety under Ru
  5483 | D:5      | Reached **** piety under Ru
  5497 | D:5      | Reached skill level 6 in Polearms
  5568 | D:5      | Noticed an ice beast
  5584 | D:5      | Killed an ice beast
  5693 | D:6      | Noticed an orc warrior
  5756 | D:6      | Slain by an orc warrior

Illustrated notes

Levels and vault maps discovered:
D:1:      saegor_arrival_fortress, layout_rooms
D:2:      layout_loops_ring, nicolae_ru_great_annihilating_truth, uniq_robin
D:3:      layout_rooms
D:4:      layout_basic, minmay_temple_entry_junction
D:5:      layout_loops_ring, serial_shops, shop_fountains, shop,
          nicolae_shop_trees, shop
D:6:      layout_loops_corners, lemuel_round_altar, gup_sewer_entry_glass

Skill      XL: |  1  2  3  4  5  6  7 |
---------------+----------------------+-----
Polearms       | 3 4 6 |  6.1
Stealth        | 2 4 |  4.1
Shields        | 1 2 3 |  3.1
Fighting       | |  3.4
Dodging        | |  2.6

Action                   |  1- 3 |  4- 6 |  7- 9 || total
-------------------------+-------+-------+-------++-------
Melee: Spear             |   164 |   325 |    56 ||   545
       Headbutt          |     4 |    59 |    14 ||    77
Invok: Sacrifice Essence |       |     1 |       ||     1
       Sacrifice Experie |       |     1 |       ||     1
  Use: Scroll            |       |    17 |       ||    17
 Stab: Paralysed         |       |     1 |       ||     1
       Invisible         |       |     1 |       ||     1
       Distracted        |       |     1 |       ||     1
Armor: Robe              |     5 |       |       ||     5
       Chain mail        |    32 |   133 |    16 ||   181
       Plate armour      |    71 |       |       ||    71
Dodge: Dodged            |    33 |    38 |     6 ||    77
Block: Kite shield       |    11 |   107 |    21 ||   139

Table legend: (Time is in decaauts)
 A = Elapsed time spent in this place.
 B = Non-inter-level travel time spent in this place.
 C = Inter-level travel time spent in this place.
 D = Time resting spent in this place.
 E = Time spent auto-exploring this place.
 F = Levels seen in this place.
 G = Mean time per level.
                   A        B        C        D        E       F      G
               +--------+--------+--------+--------+--------+-----+--------+
         Total |   5749 |   5379 |    370 |   1787 |   2550 |   6 |  958.2 |
       Dungeon |   5749 |   5379 |    370 |   1787 |   2550 |   6 |  958.2 |
               +--------+--------+--------+--------+--------+-----+--------+

Top non-repeatable levels by time:
     D:2: 1391 daAuts
     D:4: 1353 daAuts
     D:1: 1347 daAuts
     D:5: 851 daAuts
     D:3: 746 daAuts
     D:6: 58 daAuts
